 Dungeon Crawl Stone Soup version 0.24.1-11-gbbbb2193e6 (webtiles) character file.

Game seed: 7168635749892149214, levelgen mode: deterministic

18 Hugehornet the Insei (level 2, 0/18 HPs)
             Began as an Octopode Transmuter on May 14, 2020.
             Slain by a goblin
             ... wielding a +0 dagger
              (4 damage)
             ... on level 1 of the Dungeon.
             The game lasted 00:01:47 (967 turns).

Hugehornet the Insei (Octopode Transmuter)           Turns: 967, Time: 00:01:47

Health: 0/18       AC:  1    Str:  9    XL:     2   Next: 70%
Magic:  5/5        EV: 13    Int: 15    God:
Gold:   36         SH:  0    Dex: 12    Spells: 4/5 levels left

rFire    . . .     SeeInvis .     - Unarmed
rCold    . . .     Gourm    .   (no shield)
rNeg     . . .     Faith    .   (helmet restricted)
rPois    .         Spirit   .   (no amulet)
rElec    .         Reflect  .   (no ring)
rCorr    .         Harm     .   (no ring)
MR       .....                  (no ring)
Stlth    +++.......             (no ring)
HPRegen  0.06/turn              (no ring)
MPRegen  0.09/turn              (no ring)
                                (no ring)
                                (no ring)

@: appendage (expiring)
A: almost no armour, stealthy swim, amphibious, 8 rings, constrict 8, tentacle
spike 3, camouflage 1, gelatinous body 1
a: End Transformation


You were on level 1 of the Dungeon.
You were not hungry.
One of your tentacles had a temporary spike.
You visited 1 branch of the dungeon, and saw 1 of its levels.

You collected 36 gold pieces.

Inventory:

Missiles
 a - 33 arrows
Armour
 e - a +0 buckler
Scrolls
 b - a scroll of noise {unknown}
 d - a scroll of remove curse {unknown}
 f - a scroll of identify {unknown}
Comestibles
 c - a ration


   Skills:
 - Level 1.0 Fighting
 - Level 2.0 Dodging
 * Level 2.3 Stealth
 - Level 3.0 Unarmed Combat
 - Level 2.0 Spellcasting
 + Level 2.5 Transmutations


You had 4 spell levels left.
You knew the following spells:

 Your Spells              Type           Power        Failure   Level  Hunger
a - Beastly Appendage     Tmut           #.....       8%          1    #......

Your spell library contained the following spells:

 Spells                   Type           Power        Failure   Level  Hunger
 Sticks to Snakes         Tmut           #.......     12%         2    ###....
 Spider Form              Tmut/Pois      #.........   36%         3    ###....
 Ice Form                 Ice/Tmut       #.......     78%         4    #####..
 Blade Hands              Tmut           #.........   91%         5    ######.


Dungeon Overview and Level Annotations

Branches:
Dungeon (1/15)

Altars:


Innate Abilities, Weirdness & Mutations

You cannot wear most types of armour.
You are very stealthy in the water. (Stealth+)
You are amphibious.
You can wear up to eight rings at the same time.
You can use your tentacles to constrict eight enemies at once.
Your skin changes colour to match your surroundings (Stealth+).
Your rubbery body absorbs attacks. (AC +1, EV +1)
One of your tentacles bears a large vicious spike.


Message History

You tentacle-slap the ooze. You squeeze the ooze.
The ooze is heavily wounded.
Your transformation is almost over.
The goblin hits you but does no damage. The ooze hits you.
You tentacle-slap the ooze.
The ooze is heavily wounded.
The goblin closely misses you. The ooze hits you.
You are too injured to fight recklessly!
You are too injured to fight recklessly!
You are too injured to fight recklessly!
You are too injured to fight recklessly!
You tentacle-slap the ooze but do no damage.
Your squeeze misses the ooze.
The ooze is heavily wounded.
The goblin hits you with a +0 dagger. The ooze hits you.
* * * LOW HITPOINT WARNING * * *
You tentacle-slap the ooze.
The ooze is severely wounded.
The goblin hits you with a +0 dagger.
You die...

#####...........
#...'...........
#.###..(....####
#########.#
#.......#
..........#
#.......#
..........#
#.......#
..........#
#.......#
..........#
#.......#
......†@..#
#########
.......Jg......
...##..........
... #?.........
.. #..........
..≈♣♣♣♣♣... ..PP
≈.. ♣♣≈≈≈ ..


You could see an ooze and a goblin.

Vanquished Creatures
  A dart slug (D:1)
  A leopard gecko (D:1)
  2 goblins (D:1)
  2 hobgoblins (D:1)
  2 kobolds (D:1)
  5 bats (D:1)
  A frilled lizard (D:1)
  A rat (D:1)
15 creatures vanquished.

Notes
Turn   | Place    | Note
-------+----------+-------------------------------------------
     0 | D:1      | Hugehornet the Octopode Transmuter began the quest for the
                  | Orb.
     0 | D:1      | Reached XP level 1. HP: 13/13 MP: 3/3
   627 | D:1      | Reached skill level 1 in Stealth
   714 | D:1      | Reached XP level 2. HP: 18/18 MP: 3/5
   967 | D:1      | Slain by a goblin

Levels and vault maps discovered:
D:1:      arrival_zaba_pyramid, layout_basic, serial_bayou_ford_a

Skill      XL: |  1  2 |
---------------+-------+-----
Stealth        | 1 2 |  2.3
Fighting       | |  1.0
Dodging        | |  2.0
Unarmed Combat | |  3.0
Spellcasting   | |  2.0
Transmutations | |  2.5

Action                   || total
-------------------------++-------
Melee: Unarmed           ||    39
       Kick              ||     7
       Constrict         ||     8
       Tentacles         ||     6
 Cast: Beastly Appendage ||    11
 Stab: Sleeping          ||     4
Armor: Skin              ||     6
Dodge: Dodged            ||    29
